 Dungeon Crawl Stone Soup version 0.19.5 (console) character file.

438 Grinner the Cudgeler (level 7, -1/78 HPs)
             Began as an Ogre Monk on Mar 18, 2017.
             Slain by a killer bee (7 damage)
             ... on level 4 of the Dungeon.
             The game lasted 00:05:13 (2445 turns).

Grinner the Cudgeler (Ogre Monk)                    Turns: 2445, Time: 00:05:13

Health: -1/78      AC:  4    Str: 19    XL:     7   Next: 1%
Magic:  7/7        EV: 10    Int:  9    God:
Gold:   127        SH:  0    Dex: 12    Spells: 0 memorised, 6 levels left

rFire  . . .     SeeInvis .     d - +2 whip (elec)
rCold  . . .     Gourm    .     b - +0 robe
rNeg   . . .     Faith    .     (no shield)
rPois  .         Spirit   .     (helmet restricted)
rElec  .         Reflect  .     i - +0 cloak
rCorr  .         Harm     .     (gloves unavailable)
MR     .....     Rnd*Tele +     (boots unavailable)
Stlth  ++........               (no amulet)
                                (no ring)
                                (no ring)

@: lethally poisoned (-1 -> -13)
A: unfitting armour, teleportitis 1, tough skin 1
a: no special abilities


You were on level 4 of the Dungeon.
You were not hungry.

You visited 1 branch of the dungeon, and saw 4 of its levels.

You collected 127 gold pieces.

Inventory:

Hand Weapons
 a - a +0 mace
 d - a +2 whip of electrocution (weapon)
Armour
 b - a +0 robe (worn)
 i - a +0 cloak (worn)
Scrolls
 e - a scroll of identify {unknown}
 g - 2 scrolls of recharging {unknown}
Potions
 h - a potion of mutation
Comestibles
 c - 2 bread rations
 f - 4 fruits
 j - 3 slices of pizza
 k - a meat ration
 l - a beef jerky


   Skills:
 + Level 7.4 Fighting
 + Level 7.9 Maces & Flails
 - Level 2.6 Dodging
 - Level 1.4 Stealth


You had 6 spell levels left.
You didn't know any spells.

Dungeon Overview and Level Annotations

Branches:
Dungeon (4/15)             Temple (0/1) D:4

Altars:
Dithmenos


Innate Abilities, Weirdness & Mutations

You are too large for most types of armour.
You have tough skin. (AC +1)
You are occasionally teleported next to monsters.


Message History

You hit the killer bee.
The killer bee is severely wounded.
The killer bee barely misses you.
You miss the killer bee.
The killer bee is severely wounded.
You feel sick. The killer bee closely misses you. The killer bee stings you!
* * * LOW HITPOINT WARNING * * *
You are more poisoned.
The killer bee poisons you!
You hit the killer bee.
The killer bee is almost dead.
The killer bee stings you.
* * * LOW HITPOINT WARNING * * *
You are more poisoned.
The killer bee poisons you!
It was a potion of mutation.
You feel extremely strange.
You feel stronger.
You feel weirdly uncertain.
You feel weaker.
* * * LOW HITPOINT WARNING * * *
You feel sick. The killer bee stings you!
You die...

#. ##...#########
.........y@..#
.y...#######.# .[.
#.##...##...... #
#######.##...##.....#
........##...##.....#
........##...##.....#
........##...##.....##
######.......##.......
#.......##.......


You could see a killer bee.

Vanquished Creatures
  3 killer bees (D:4)
  A crimson imp (D:3)
  A centaur skeleton (D:4)
  A hound (D:3)
  9 gnolls
  4 adders
  3 oozes
  2 dart slugs (D:2)
  2 leopard geckos
  8 bats
  6 giant cockroaches
  11 goblins
  3 hobgoblins
  8 jackals
  A quokka (D:2)
  4 frilled lizards
  7 kobolds
  6 rats
80 creatures vanquished.

Notes
Turn   | Place    | Note
-------+----------+-------------------------------------------
     0 | D:1      | Grinner the Ogre Monk began the quest for the Orb.
     0 | D:1      | Reached XP level 1. HP: 24/24 MP: 1/1
   160 | D:1      | Reached XP level 2. HP: 33/33 MP: 2/2
   548 | D:1      | Reached XP level 3. HP: 40/40 MP: 3/3
   748 | D:2      | Reached skill level 5 in Fighting
   749 | D:2      | Reached skill level 5 in Maces & Flails
   780 | D:2      | Reached XP level 4. HP: 15/50 MP: 4/4
  1367 | D:2      | Reached XP level 5. HP: 56/59 MP: 5/5
  1643 | D:3      | Found a shadowy altar of Dithmenos.
  2146 | D:4      | Found a staircase to the Ecumenical Temple.
  2147 | D:4      | Reached XP level 6. HP: 62/68 MP: 6/6
  2437 | D:4      | Reached XP level 7. HP: 39/78 MP: 7/7
  2445 | D:4      | Gained mutation: Your muscles are strong. (Str +2) [potion of mutation]
  2445 | D:4      | Gained mutation: You are occasionally teleported next to monsters. [potion of mutation]
  2445 | D:4      | Lost mutation: Your muscles are strong. (Str +2) [potion of mutation]
  2445 | D:4      | Slain by a killer bee

Skill      XL: |  1  2  3  4  5  6 |
---------------+-------------------+-----
Fighting       | 5 6 7 |  7.4
Maces & Flails | 5 6 7 |  7.9
Dodging        | |  2.6
Stealth        | |  1.4

Action                   |  1- 3 |  4- 6 |  7- 9 || total
-------------------------+-------+-------+-------++-------
Melee: Mace              |    90 |     8 |       ||    98
       Whip              |       |   134 |     7 ||   141
  Use: Potion            |     1 |       |     1 ||     2
 Stab: Sleeping          |     3 |     3 |       ||     6
  Eat: Chunk             |       |     5 |       ||     5
Armor: Robe              |    22 |    27 |     1 ||    50
Dodge: Dodged            |    47 |    70 |     4 ||   121
